 Dungeon Crawl Stone Soup version 0.27-a0-1188-g73eefd5def (webtiles) character file.

Game seed: 13525051061399508244

320 rageheart7 the Skirmisher (level 6, -3/52 HPs)
             Began as a Formicid Abyssal Knight on May 21, 2021.
             Was a Believer of Lugonu.
             Slain by a wyvern (13 damage)
             ... on level 7 of the Dungeon.
             The game lasted 00:05:54 (4461 turns).

rageheart7 the Skirmisher (Formicid Abyssal Knight) Turns: 4461, Time: 00:05:55

Health: -3/52      AC:  8    Str: 18    XL:     6   Next: 75%
Magic:  7/7        EV:  7    Int: 12    God:    Lugonu [**....]
Gold:   96         SH:  0    Dex: 10    Spells: 5/5 levels left

rFire    . . .     SeeInvis +   c - +2 mace (drain)
rCold    . . .     Faith    .   (no shield)
rNeg     . . .     Spirit   .   h - +0 chain mail
rPois    .         Reflect  .   (helmet unavailable)
rElec    .         Harm     .   (no cloak)
rCorr    .         Rampage  .   (no gloves)
Will     .....                  (no boots)
Stlth    ..........             (no amulet)
HPRegen  0.17/turn              (no ring)
MPRegen  0.10/turn              (no ring)

@: no status effects
A: permanent stasis, dig shafts and tunnels, antennae 3, four strong arms
a: Dig, Shaft Self, Renounce Religion, Depart the Abyss, Bend Space


You were on level 7 of the Dungeon.
You worshipped Lugonu.
Lugonu was pleased with you.
You visited 1 branch of the dungeon, and saw 6 of its levels.
You visited the Abyss 1 time.

You collected 96 gold pieces.

Inventory:

Hand Weapons
 a - a +1 hand axe
 c - a +2 mace of draining (weapon)
Missiles
 j - 8 atropa-tipped darts
Armour
 b - a +0 kite shield
 e - the +2 leather armour of Rackasso {+Blink Str+2}
   (You found it on level 7 of the Dungeon)

   It affects your strength (+2).
   It lets you blink.
 h - a +0 chain mail (worn)
Scrolls
 d - 2 scrolls of magic mapping
 f - 2 scrolls of vulnerability
 k - a scroll of identify
Potions
 i - a potion of invisibility {unknown}
 l - a potion of mutation {unknown}


   Skills:
 * Level 5.9 Fighting
 * Level 4.9 Axes
 - Level 2.1 Armour
 - Level 0.8 Dodging
 - Level 2.1 Invocations


You had 5 spell levels left.
You didn't know any spells.
Your spell library was empty.

Dungeon Overview and Level Annotations

Branches:
Dungeon (5/15)             Temple (0/1) D:4

Altars:
Fedhas
Okawaru
Qazlal

Shops:
D:3 ?

Annotations:
D:7 3 runed translucent doors, silentkaos13's ghost, novice DsFE


Innate Abilities, Weirdness & Mutations

You cannot be hasted, slowed, berserked, paralysed or teleported.
You can dig through walls and to a lower floor.
You have a pair of large antennae on your head. (SInv)
Your four strong arms can wield two-handed weapons with a shield.


Message History

A gnoll comes into view. It is wielding a +0 flail.
The hound bites you but does no damage. The orc hits you but does no damage.
You feel much better.
The gnoll shouts!
The gnoll sergeant hits you but does no damage.
The hound bites you but does no damage. The orc hits you but does no damage.
Are you sure you want to shaft yourself?
The hound bites you.
The gnoll sergeant hits you from afar with a +0 spear!
The hound bites you but does no damage. The orc hits you with a +0 dagger.
You begin to dig a shaft.
You continue digging a shaft.
The gnoll sergeant hits you from afar with a +0 spear.
The hound bites you but does no damage. The orc barely misses you.
A shaft appears beneath you!
You fall into a shaft and drop 2 floors!
The shaft crumbles and collapses.
A gnoll comes into view. It is wielding a +0 club.
Silentkaos13's ghost turns its malevolent gaze towards you.
The gnoll shouts!
Found a scale mail and 9 gold pieces.
A jelly and a gnoll come into view.
The gnoll shouts!
A gnoll comes into view. It is wielding a +0 flail.
Found four items.
A gnoll sergeant comes into view. It is wielding a +0 spear.
The gnoll sergeant shouts!
A wyvern comes into view.
The wyvern hisses angrily.
The orc warrior shouts!
The wyvern bites you! x2
* * * LOW HITPOINT WARNING * * *
Found a green potion.
Found an escape hatch in the floor.
You see here the +2 leather armour of Rackasso {+Blink Str+2}.
e - the +2 leather armour of Rackasso {+Blink Str+2} The wyvern bites you but does no damage.
The wyvern hisses menacingly.
The wyvern barely misses you.
The wyvern bites you but does no damage.
The wyvern bites you!
You die...

.. ..#.![....+... .
....!..#.?.....+.####.#
.....#.#.{oo...#.......
#>....#.{YW...#.......
#.....#########.......
#..........g.........
#......g.g...#......
#.....J##..{{.......
#..@lg.##....#g.....
#.########...#.$.... ..
#..####g... ..# ##.#
..#. .. #.. .. .


You could see a wyvern, an ice beast, a gnoll sergeant, a jelly, an orc wizard,
silentkaos13's ghost and 3 gnolls.

Vanquished Creatures
  A scorpion (D:5)
  A water moccasin skeleton (D:4)
  A hound (D:5)
  An iguana (D:4)
  An orc wizard (D:4)
  3 adders (D:2)
  2 gnolls (D:5)
  An ufetubus (D:4)
  A worm (D:2)
  2 dart slugs
  8 orcs
  3 bats
  5 endoplasms
  2 giant cockroaches
  3 goblins
  3 hobgoblins
  3 jackals (D:4)
  3 quokkas
  7 kobolds
  27 rats
78 creatures vanquished.

Notes
Turn   | Place    | Note
-------+----------+-------------------------------------------
     0 | Abyss:1  | rageheart7 the Formicid Abyssal Knight began the quest for
                  | the Orb.
     0 | Abyss:1  | Reached XP level 1. HP: 18/18 MP: 2/2
     2 | Abyss:1  | Noticed a swamp dragon
     2 | Abyss:1  | a glowing shapeshifter changed into a swamp dragon
     5 | Abyss:1  | Found a transporter.
     5 | Abyss:1  | Noticed a hell knight
     5 | Abyss:1  | Noticed a tentacled starspawn
     5 | Abyss:1  | Noticed a large abomination
     5 | Abyss:1  | Noticed a swamp dragon
     5 | Abyss:1  | Noticed a tentacled monstrosity
     8 | Abyss:1  | Found a transporter.
     8 | Abyss:1  | Noticed a shock serpent
    79 | Abyss:1  | Noticed a dire elephant zombie
    80 | D:1      | Escaped the Abyss
   495 | D:1      | Reached XP level 2. HP: 21/24 MP: 3/3
   538 | D:1      | Found a faded altar of an unknown god.
   544 | D:1      | Reached * piety under Lugonu
  1558 | D:2      | Reached skill level 4 in Fighting
  1558 | D:2      | Reached XP level 3. HP: 23/30 MP: 4/4
  1946 | D:2      | Reached XP level 4. HP: 29/37 MP: 5/5
  2822 | D:3      | Found a stormy altar of Qazlal.
  2888 | D:3      | Found an iron altar of Okawaru.
  3050 | D:3      | Found Hacal's Magic Scroll Shop.
  3303 | D:4      | Reached XP level 5. HP: 19/43 MP: 6/6
  3621 | D:4      | Reached skill level 5 in Fighting
  3762 | D:4      | Reached ** piety under Lugonu
  3785 | D:4      | Reached XP level 6. HP: 17/40 MP: 7/7
  4001 | D:4      | Found a blossoming altar of Fedhas.
  4298 | D:4      | Found a staircase to the Ecumenical Temple.
  4406 | D:5      | Entered Level 5 of the Dungeon
  4449 | D:5      | You fall into a shaft and drop 2 floors!
  4449 | D:7      | Found a runed translucent gate.
  4449 | D:7      | Found a runed translucent gate.
  4449 | D:7      | Found a runed translucent gate.
  4449 | D:7      | Noticed a slime creature
  4449 | D:7      | Noticed an ice beast
  4449 | D:7      | Noticed silentkaos13's ghost (novice DsFE)
  4450 | D:7      | Noticed an orc warrior
  4454 | D:7      | Noticed a wyvern
  4457 | D:7      | Identified the +2 leather armour of Rackasso {+Blink Str+2}
  4461 | D:7      | Slain by a wyvern

Illustrated notes

Levels and vault maps discovered:
D:1:      dpeg_arrival_ratfight, layout_basic, ebering_ecumenical_altar_mist
D:2:      layout_loops_cross
D:3:      layout_basic, lemuel_round_altar, okawaru_ov_weapons_minmay,
          serial_shops, shop_statue, st_stairs_3
D:4:      layout_basic, kennysheep_mini_moat, temple_green, glass_columns_c,
          minmay_rat_hole
D:5:      layout_cave_pools, kennysheep_mini
D:7:      lemuel_ice_spiral_2, layout_rooms, led_sif_book,
          gammafunk_ghost_split, serial_bayou_pond_e, minmay_misc_feat_encased,
          moated_statue, hex_medium, serial_bayou_ford_a

Skill      XL: |  1  2  3  4  5 |
---------------+----------------+-----
Fighting       | 4 5 |  5.9
Axes           | 3 4 |  4.9
Armour         | |  2.1
Dodging        | |  0.8
Invocations    | |  2.1

Action                   |  1- 3 |  4- 6 || total
-------------------------+-------+-------++-------
Melee: Hand axe          |    61 |   111 ||   172
       Mace              |       |    70 ||    70
Invok: Depart the Abyss  |     1 |       ||     1
 Abil: Shaft Self        |       |     1 ||     1
  Use: Scroll            |       |    10 ||    10
       Potion            |       |     1 ||     1
Armor: Leather armour    |    17 |       ||    17
       Chain mail        |       |   130 ||   130
Dodge: Dodged            |    28 |    87 ||   115

Table legend: (Time is in decaauts)
 A = Elapsed time spent in this place.
 B = Non-inter-level travel time spent in this place.
 C = Inter-level travel time spent in this place.
 D = Time resting spent in this place.
 E = Time spent auto-exploring this place.
 F = Levels seen in this place.
 G = Mean time per level.
                   A        B        C        D        E       F      G
               +--------+--------+--------+--------+--------+-----+--------+
         Total |   4503 |   4238 |    265 |    123 |   3485 |   7 |  643.3 |
       Dungeon |   4423 |   4158 |    265 |    123 |   3464 |   6 |  737.2 |
         Abyss |     80 |     80 |      0 |      0 |     21 |   1 |   80.0 |
               +--------+--------+--------+--------+--------+-----+--------+

Top non-repeatable levels by time:
     D:1: 1290 daAuts
     D:4: 1286 daAuts
     D:2: 1189 daAuts
     D:3: 598 daAuts
 Abyss:1: 80 daAuts
     D:5: 46 daAuts
     D:7: 11 daAuts
